cohdb
Replays
Latest Replays
All Replays
Popular Replays
Top Player Replays
Match Explorer
How It Works
Community
CoH3 Stats
Reddit
Sign in to upload your games and track your stats! →
Sign in with Steam
Match 38634910
Unlisted
Match 38634910
Overview
Messages
Build Orders
End
Construct Section Command Post
Selects Indian Artillery Battlegroup
Infantry Section
Dingo Light Scout Car
Infantry Section
Infantry Section
Selects Towed ML 4.2-inch Heavy Mortar
Construct Field Infirmary
Towed ML 4.2-inch Heavy Mortar
Construct Platoon Command Post
Selects Valour
Selects Gurkha Rifles Section
Construct Company Command Post
Selects Off-map Airburst Barrage
Crusader II Medium Tank
Aftyn
Ghandalf (NL)
Dolseok
UH|dun! ツ
Krzyżowiec
Krzywy 1337
0
0
Comments
sign in to comment!
No comments posted yet!